 Dungeon Crawl Stone Soup version 0.16.1-18-g436b03c (webtiles) character file.

387 Leviathan2552 the Sneak (level 6, 0/39 HPs)
             Began as an Octopode Assassin on May 8, 2015.
             Slain by an iguana (13 damage)
             ... on level 5 of the Dungeon.
             The game lasted 00:14:31 (3252 turns).

Leviathan2552 the Sneak (Octopode Assassin)         Turns: 3252, Time: 00:14:31

Health: 0/39       AC:  1    Str: 13    XL:     6   Next: 78%
Magic:  11/15      EV: 12    Int: 13    God:
Gold:   111        SH:  5    Dex: 15    Spells: 0 memorised, 5 levels left

rFire  . . .     SeeInvis .     a - +2 dagger
rCold  + + .     Clarity  .     p - +0 buckler
rNeg   . . .     SustAb   .     (helmet restricted)
rPois  .         Gourm    .     (no amulet)
rElec  .         Spirit   .     m - ring of wizardry
rCorr  .         Warding  .     r - +2 ring of strength
rMut   .         Stasis   .     s - ring of protection from cold
MR     .....                    y - ring of protection from cold (curse)
Stlth  +++++.....               E - ring of magical power
                                (no ring)
                                (no ring)
                                (no ring)

@: not resistant to hostile enchantments, quite stealthy
A: almost no armour, amphibious, 8 rings, constrict 8, camouflage 1, gelatinous
body 1
a: no special abilities


You were on level 5 of the Dungeon.
You were not hungry.

You visited 1 branch of the dungeon, and saw 5 of its levels.

You collected 111 gold pieces.

Inventory:

Hand weapons
 a - a +2 dagger (weapon)
 b - a +0 blowgun
 q - a +0 short sword
Missiles
 e - 56 poisoned needles
 f - 2 curare-tipped needles
Armour
 p - a +0 buckler (worn)
 v - a cursed +0 pair of gloves
 w - a +0 shield
Jewellery
 m - a ring of wizardry (left tentacle)
 r - a +2 ring of strength (right tentacle)
 s - a ring of protection from cold (on tentacle)
 y - a cursed ring of protection from cold (on tentacle)
 E - a ring of magical power (on tentacle)
Magical devices
 C - a wand of lightning (3)
Scrolls
 d - a scroll of random uselessness {unknown}
 h - 2 scrolls of magic mapping {unknown}
 i - 2 scrolls of enchant armour {unknown}
 j - 2 scrolls of identify {unknown}
 k - a scroll of immolation {unknown}
 o - 2 scrolls of amnesia {unknown}
 u - 2 scrolls of fear {unknown}
 x - 3 scrolls of blinking {unknown}
 z - a scroll of fog {unknown}
 D - a scroll of noise {unknown}
Potions
 l - a potion of brilliance
 t - a potion of heal wounds
 A - 3 potions of poison {unknown}
Comestibles
 c - 3 meat rations
 g - 5 bread rations
 n - 4 fruits
 B - 2 chunks of flesh


   Skills:
 - Level 2.1 Fighting
 - Level 2.3 Short Blades
 - Level 2.0 Throwing
 - Level 2.0 Dodging
 - Level 6.2 Stealth
 * Level 5.6 Shields


You had 5 spell levels left.
You didn't know any spells.

Dungeon Overview and Level Annotations

Branches:
Dungeon (5/15)             Temple (0/1) D:4

Altars:
Okawaru
Zin


Innate Abilities, Weirdness & Mutations

You cannot wear most types of armour.
You are amphibious.
You can wear up to eight rings at the same time.
You can use your tentacles to constrict many enemies at once.
Your skin changes colour to match your surroundings (Stealth).
Your rubbery body absorbs attacks (AC +1).


Message History

Found 4 stones.
An iguana comes into view.
Found an escape hatch in the ceiling.
Found a cyan potion.
Found a stone staircase leading down.
The iguana hisses angrily.
You block the iguana's attack.
You hit the iguana. You grab the iguana.
The iguana is lightly wounded.
You constrict the iguana. The iguana bites you!
You hit the iguana but do no damage. You squeeze the iguana.
The iguana is moderately wounded.
You constrict the iguana. The iguana bites you.
You hit the iguana but do no damage.
The iguana is moderately wounded.
You constrict the iguana. The iguana bites you!
You hit the iguana but do no damage.
The iguana is heavily wounded.
You constrict the iguana. The iguana bites you!
You die...

. . .... .........
..........#
...............#.##..#
.........(..!.#.##..#
#>................... ..
#...#...##....#.##..#
#..#...#...##..........#
.#.....l.............#...
.....<..@..............[.
.........................
.###.##........>#.#..#.#
.........##...#.#..#.#
..##!##..#.##...#.#.....
.. ....##########..### .
.##..# ##.## #..# #..##
#..# #....


You could see an iguana.

Vanquished Creatures
  An ogre (D:4)
  A scorpion (D:5)
  A crimson imp (D:5)
  An orc wizard (D:4)
  An iguana (D:4)
  A worker ant (D:3)
  7 adders
  3 worms
  2 giant geckos
  5 orcs
  A ball python (D:1)
  8 bats
  3 goblins (D:1)
  6 hobgoblins
  2 quokkas
  4 giant cockroaches
  6 giant newts
  6 kobolds
  23 rats
82 creatures vanquished.

Notes
Turn   | Place    | Note
--------------------------------------------------------------
     0 | D:1      | Leviathan2552, the Octopode Assassin, began the quest for the Orb.
     0 | D:1      | Reached XP level 1. HP: 14/14 MP: 1/1
   294 | D:1      | You fall through a shaft!
   310 | D:1      | Reached XP level 2. HP: 19/19 MP: 2/2
   794 | D:2      | Reached XP level 3. HP: 24/24 MP: 3/3
   852 | D:2      | Reached skill level 6 in Stealth
  1166 | D:2      | Reached skill level 1 in Shields
  1170 | D:2      | Reached XP level 4. HP: 12/29 MP: 4/4
  2168 | D:4      | Noticed an ogre
  2171 | D:4      | Killed an ogre
  2171 | D:4      | Reached XP level 5. HP: 34/34 MP: 5/5
  2223 | D:4      | Found Caug's General Store.
  2309 | D:4      | Found a staircase to the Ecumenical Temple.
  2324 | D:4      | Reached XP level 6. HP: 39/39 MP: 6/6
  2375 | D:4      | Found an iron altar of Okawaru.
  2580 | D:4      | Found a glowing silver altar of Zin.
  3002 | D:4      | Reached skill level 5 in Shields
  3191 | D:5      | Entered Level 5 of the Dungeon
  3252 | D:5      | Slain by an iguana

Action                   |  1- 3 |  4- 6 || total
-------------------------+-------+-------++-------
Melee: Dagger            |    64 |    91 ||   155
  Use: Potion            |       |     2 ||     2
 Stab: Sleeping          |    11 |    13 ||    24
  Eat: Chunk             |       |     7 ||     7
